 Dungeon Crawl Stone Soup version 0.22-a0-570-g58866f5 (webtiles) character file.

8818 kae the Cleaver (level 11, -2/100 HPs)
             Began as a Deep Dwarf Fighter on June 30, 2018.
             Was a Believer of Makhleb.
             Killed from afar by an orc sorcerer (33 damage)
             ... with a bolt of fire
             ... while paralysed by an orc sorcerer
             ... on level 10 of the Dungeon.
             The game lasted 00:09:53 (8173 turns).

kae the Cleaver (Deep Dwarf Fighter)                Turns: 8173, Time: 00:09:54

Health: -2/100     AC: 13    Str: 22    XL:     11   Next: 14%
Magic:  8/8        EV:  2    Int: 10    God:    Makhleb [**....]
Gold:   437        SH:  0    Dex: 16    Spells: 10/10 levels left

rFire    x . .     SeeInvis +   a - +1 war axe
rCold    + + .     Gourm    .   o - +0 large shield
rNeg     . . .     Faith    .   x - +0 ice dragon scales
rPois    .         Spirit   .   q - +0 helmet
rElec    .         Reflect  .   A - +0 cloak (curse)
rCorr    .         Harm     .   p - +0 pair of gloves
MR       +....                  (no boots)
Stlth    ..........             (no amulet)
HPRegen  0.00/turn              m - ring of see invisible
MPRegen  0.11/turn              t - +4 ring of dexterity

@: paralysed, non-regenerating, drained
A: damage resistance, heal wounds, sense surroundings 2, no regeneration
a: Heal Wounds, Minor Destruction, Renounce Religion


You were on level 10 of the Dungeon.
You worshipped Makhleb.
Makhleb was pleased with you.
You were hungry.

You visited 2 branches of the dungeon, and saw 11 of its levels.

You collected 508 gold pieces.
You spent 71 gold pieces at shops.

Inventory:

Hand Weapons
 a - a +1 war axe (weapon)
Armour
 o - a +0 large shield (worn)
 p - a +0 pair of gloves (worn)
 q - a +0 helmet (worn)
 x - +0 ice dragon scales (worn)
 A - a cursed +0 cloak (worn)
Jewellery
 b - a cursed ring of ice
 i - an uncursed ring of positive energy
 j - an uncursed ring of ice
 m - a ring of see invisible (left hand)
 n - an uncursed ring of fire
 t - a +4 ring of dexterity (right hand)
Wands
 r - a wand of digging (34)
 v - a wand of iceblast (7)
 y - a wand of clouds (3)
 z - a wand of paralysis (18)
 B - a wand of acid (8)
Scrolls
 c - a scroll of blinking
 e - 7 scrolls of remove curse
 g - 9 scrolls of identify
 k - a scroll of teleportation
 s - a scroll of enchant weapon
 u - 4 scrolls of fear
Potions
 d - 2 potions of degeneration
 h - 3 potions of brilliance
 l - 2 potions of curing
Comestibles
 f - 15 rations
 w - 11 chunks of flesh


   Skills:
 + Level 7.0(6.2) Fighting
 * Level 14.0(13.1) Axes
 - Level 3.2(2.6) Armour
 + Level 8.3(7.5) Shields
 + Level 7.2(6.4) Invocations


You had 10 spell levels left.
You didn't know any spells.
Your spell library contained the following spells:

 Spells                   Type           Power        Failure   Level  Hunger
 Lightning Bolt           Conj/Air       #.........   100%        5    ######.
 Bolt of Magma            Conj/Fire/Erth #.........   100%        5    ######.
 Venom Bolt               Conj/Pois      #.........   100%        5    ######.
 Iron Shot                Conj/Erth      #.........   100%        6    #######
 Shock                    Conj/Air       #...         100%        1    ##.....
 Swiftness                Chrm/Air       #.......     100%        2    ###....
 Airstrike                Air            #.........   100%        4    #####..
 Static Discharge         Conj/Air       #.......     100%        3    ####...
 Orb of Destruction       Conj           #.........   100%        7    #######
 Iskenderun's Battlesphe  Conj/Chrm      #.......     100%        5    ######.
 Spellforged Servitor     Conj/Summ      #.........   100%        7    #######


Dungeon Overview and Level Annotations

Branches:
Dungeon (10/15)            Temple (1/1) D:7            Lair (0/6) D:10
    Orc (0/2) D:10

Altars:
Ashenzari
Cheibriados
Dithmenos
Elyvilon
Fedhas
Gozag
Hepliaklqana
Kikubaaqudgha
Makhleb
Nemelex Xobeh
Okawaru
Qazlal
Ru
Sif Muna
Trog
Uskayaw
Vehumet
Wu Jian
Xom
Yredelemnul
Zin
The Shining One

Shops:
D:9 ?


Innate Abilities, Weirdness & Mutations

You are resistant to damage.
You can heal yourself by infusing magical energy.
You passively map the area around you.
You do not regenerate.


Message History

You slice the troll zombie!!
You destroy the troll zombie!
Makhleb accepts your kill.
You slash the orc sorcerer!
The orc sorcerer is moderately wounded.
The orc sorcerer hits you but does no damage.
You slash the orc sorcerer!
The orc sorcerer is severely wounded.
The orc sorcerer gestures at you while chanting.
You suddenly lose the ability to move!
The orc sorcerer hits you but does no damage.
The orc sorcerer gestures at you while chanting.
The bolt of fire hits you! The fire burns you terribly!
The orc sorcerer points at you and mumbles some strange words.
The bolt of negative energy hits you!
You feel drained.
The orc sorcerer hits you but does no damage.
Some of the chunks of flesh in your inventory have rotted away.
The orc sorcerer points at you and mumbles some strange words.
The bolt of fire hits you! The fire burns you terribly!
You die...

* ,, Z#.
.##.........≈§.§≈ ,*
.. .##....[...≈§≈§§§
* ,, *
#.,.#####.[...≈≈.§≈≈
* #.#.# #.....≈§§≈§§
, ,
##..#####......≈§≈§§
*** **
#..###......#..§....
** *
*##Z###....(>####..##
#o##.......#* *#.#
#.@........... .#
####......##.# #
#.........#
#.#####.### #.#* **.#
#.., # ### , , * , ,


You could see an orc sorcerer and an orc zombie.

Vanquished Creatures
  A centaur warrior (D:10)
  2 two-headed ogres
  Urug (D:10)
  An unseen horror (D:9)
  Joseph (D:7)
  A troll (D:9)
  Prince Ribbit (D:5)
  A hippogriff (D:9)
  A wraith (D:10)
  2 humans
  A yak (D:8)
  3 hogs (D:8)
  A steam dragon (D:9)
  2 hungry ghosts
  Menkaure (D:4)
  A hell hound (D:9)
  2 ice beasts
  2 orc warriors
  A sky beast (D:9)
  5 ogres
  4 centaurs
  A crocodile (D:10)
  5 bullfrogs
  5 scorpions
  A troll zombie (D:10)
  10 killer bees (D:7)
  A howler monkey (D:6)
  4 crimson imps
  A bullfrog skeleton (D:10)
  2 jellies
  4 hounds
  Crazy Yiuf (D:7)
  4 orc priests
  A centaur skeleton (D:9)
  2 iguanas
  4 orc wizards
  2 worker ants
  A hound zombie (D:5)
  A hound skeleton (D:7)
  Robin (D:3)
  A howler monkey skeleton (D:4)
  3 gnolls (D:5)
  8 adders
  A shadow imp (D:6)
  An adder zombie (D:7)
  A worm (D:2)
  5 dart slugs
  2 leopard geckos
  30 orcs
  2 ball pythons
  8 bats
  7 giant cockroaches
  18 goblins
  6 hobgoblins
  6 jackals
  8 kobolds
  7 quokkas
  2 frilled lizards (D:1)
  A leopard gecko skeleton (D:7)
  3 orc zombies (D:10)
  7 rats
213 creatures vanquished.

Notes
Turn   | Place    | Note
-------+----------+-------------------------------------------
     0 | D:1      | kae the Deep Dwarf Fighter began the quest for the Orb.
     0 | D:1      | Reached XP level 1. HP: 20/20 MP: 1/1
    57 | D:1      | Reached XP level 2. HP: 27/27 MP: 2/2
   101 | D:1      | Reached skill level 3 in Axes
   455 | D:1      | Reached XP level 3. HP: 33/33 MP: 3/3
   702 | D:2      | Found a glowing silver altar of Zin.
   713 | D:2      | Reached skill level 4 in Axes
   861 | D:2      | Reached XP level 4. HP: 30/40 MP: 4/4
  1010 | D:2      | Found a blossoming altar of Fedhas.
  1639 | D:3      | Noticed Robin
  1644 | D:3      | Reached skill level 5 in Axes
  1659 | D:3      | Killed Robin
  2228 | D:3      | Reached XP level 5. HP: 44/48 MP: 5/5
  2369 | D:4      | Reached skill level 6 in Axes
  2450 | D:4      | Noticed an ogre
  2454 | D:4      | Killed an ogre
  2454 | D:4      | Reached skill level 7 in Axes
  2454 | D:4      | Reached XP level 6. HP: 55/55 MP: 6/6
  2592 | D:4      | Noticed Menkaure
  2599 | D:4      | Killed Menkaure
  2668 | D:4      | Reached skill level 8 in Axes
  2854 | D:4      | Reached XP level 7. HP: 32/61 MP: 6/6
  3203 | D:4      | Found a snail-covered altar of Cheibriados.
  3311 | D:5      | Entered Level 5 of the Dungeon
  3330 | D:5      | Noticed Prince Ribbit
  3353 | D:5      | Reached skill level 9 in Axes
  3518 | D:5      | Killed Prince Ribbit
  3579 | D:5      | Reached skill level 10 in Axes
  3711 | D:5      | Reached XP level 8. HP: 38/69 MP: 7/7
  4262 | D:6      | Found an opulent altar of Gozag.
  4286 | D:6      | Found a deep blue altar of Sif Muna.
  4346 | D:6      | Found a bloodstained altar of Trog.
  4471 | D:6      | Found an ancient bone altar of Kikubaaqudgha.
  4771 | D:7      | Found a runed door.
  4884 | D:7      | Reached skill level 11 in Axes
  4953 | D:7      | Found a staircase to the Ecumenical Temple.
  4999 | D:7      | Noticed Joseph
  5016 | D:7      | Killed Joseph
  5016 | D:7      | Reached skill level 5 in Shields
  5016 | D:7      | Gained mutation: You passively map the area around you. [Deep Dwarf growth]
  5016 | D:7      | Reached XP level 9. HP: 38/79 MP: 6/6
  5075 | Temple   | Entered the Ecumenical Temple
  5194 | Temple   | Became a worshipper of Makhleb the Destroyer
  5365 | D:7      | Found a stormy altar of Qazlal.
  5376 | D:7      | Found a shadowy altar of Dithmenos.
  5520 | D:7      | Found a white marble altar of Elyvilon.
  5560 | D:7      | Reached skill level 1 in Invocations
  5669 | D:7      | Found a basalt altar of Yredelemnul.
  5835 | D:7      | Noticed Crazy Yiuf
  5838 | D:7      | Killed Crazy Yiuf
  5961 | D:8      | Reached skill level 5 in Fighting
  5963 | D:8      | Reached skill level 12 in Axes
  6223 | D:8      | Found a hazy altar of Hepliaklqana.
  6501 | D:9      | Reached XP level 10. HP: 81/90 MP: 8/8
  6503 | D:9      | Reached * piety under Makhleb
  6790 | D:9      | Found a shimmering altar of Xom.
  6791 | D:9      | Found a shimmering altar of Xom.
  6792 | D:9      | Found a shimmering altar of Xom.
  6792 | D:9      | Found a shimmering altar of Xom.
  6875 | D:9      | Found Boalotan's Magic Scroll Shoppe.
  6893 | D:9      | Bought a scroll of identify for 26 gold pieces
  6893 | D:9      | Bought a scroll of fear for 45 gold pieces
  6915 | D:9      | Noticed an unseen horror
  6943 | D:9      | Killed an unseen horror
  6943 | D:9      | Reached skill level 13 in Axes
  6943 | D:9      | Reached skill level 5 in Invocations
  7279 | D:9      | Found an iron altar of Okawaru.
  7540 | D:9      | Noticed a two-headed ogre
  7549 | D:9      | Killed a two-headed ogre
  7754 | D:10     | Entered Level 10 of the Dungeon
  7890 | D:10     | Noticed a centaur warrior
  7896 | D:10     | Killed a centaur warrior
  7932 | D:10     | Found a staircase to the Lair.
  7938 | D:10     | Reached ** piety under Makhleb
  7968 | D:10     | Noticed Urug
  8027 | D:10     | Noticed a two-headed ogre
  8040 | D:10     | Killed a two-headed ogre
  8040 | D:10     | Reached XP level 11. HP: 61/99 MP: 8/8
  8117 | D:10     | Killed Urug
  8117 | D:10     | Reached skill level 14 in Axes
  8154 | D:10     | Noticed an orc sorcerer
  8168 | D:10     | Paralysed by an orc sorcerer for 5 turns
  8173 | D:10     | Killed from afar by an orc sorcerer

Vault maps used:
D:1:      dpeg_arrival_tiny_c, roderic_st_hans_cross, st_stairs_14
D:2:      kennysheep_big_flooded_room, old_standard_altar, lemuel_crystal_altar,
          first_ration
D:3:      uniq_robin
D:4:      kennysheep_little_box, uniq_menkaure
D:5:      wad_pebble_path, kennysheep_generic_room_13, uniq_prince_ribbit1
D:6:      bloody_trog, kiku_gazebo_pond_becter, grunt_temple_overflow_open,
          nicolae_sextant
D:7:      kennysheep_ying_yang, grunt_dithmenos_smoke,
          overflow_temple_1_default, minmay_temple_entry_junction, uniq_joseph,
          uniq_crazy_yiuf_cottage
D:8:      grunt_livestock, david_defended_altar_elf
D:9:      xom_redecorated, okawaru_humans, serial_shops, shop
D:10:     minmay_lair_entry_lava, zombieorc1_lemuel, uniq_urug
Temple:   nicolae_temple_figure_zero

Skill      XL: |  1  2  3  4  5  6  7  8  9 10 11 |
---------------+----------------------------------+-----
Axes           | 3 4 5 7 8 10 11 12 13 14 | 14.0
Fighting       | 3 4 5 6 7 |  7.0
Shields        | 5 6 8 |  8.3
Invocations    | 4 6 7 |  7.2
Armour         | |  3.2

Action                   |  1- 3 |  4- 6 |  7- 9 | 10-12 || total
-------------------------+-------+-------+-------+-------++-------
Melee: War axe           |   117 |   120 |   395 |   187 ||   819
 Abil: Heal Wounds       |     1 |     4 |    19 |     9 ||    33
Evoke: Wand              |       |       |     1 |     3 ||     4
  Use: Scroll            |     1 |     6 |     6 |     1 ||    14
       Potion            |       |     2 |     4 |     2 ||     8
 Stab: Confused          |       |       |       |     1 ||     1
  Eat: Chunk             |       |     5 |    10 |     7 ||    22
       Ration            |       |       |     3 |       ||     3
Armor: Scale mail        |    55 |    36 |    62 |       ||   153
       Skin              |       |     1 |       |       ||     1
       Ice dragon scales |       |       |    58 |    50 ||   108
Dodge: Dodged            |    34 |    52 |    81 |    36 ||   203
Block: Shield            |    63 |     6 |       |       ||    69
       Buckler           |       |    17 |    13 |       ||    30
       Large shield      |       |       |   243 |   141 ||   384

Table legend:
 A = Spawn XP
 B = Non-spawn XP
 C = Spawn XP percentage of total XP
 D = Spawn monster count
 E = Non-spawn monster count
 F = Spawn count percentage of total count
 G = Total turns spent on level
                    A         B        C        D         E        F      G
               +---------+---------+-------+---------+---------+-------+---------
         Total |       0 |   12598 |   0.0 |       0 |     213 |   0.0 |  8173
               +---------+---------+-------+---------+---------+-------+---------
           D:1 |       0 |      49 |   0.0 |       0 |      28 |   0.0 |   702
           D:2 |       0 |      74 |   0.0 |       0 |      19 |   0.0 |   885
           D:3 |       0 |      81 |   0.0 |       0 |      29 |   0.0 |   750
           D:4 |       0 |     586 |   0.0 |       0 |      12 |   0.0 |  1101
           D:5 |       0 |     973 |   0.0 |       0 |      29 |   0.0 |   767
           D:6 |       0 |     208 |   0.0 |       0 |       8 |   0.0 |   493
           D:7 |       0 |    1652 |   0.0 |       0 |      24 |   0.0 |  1061
           D:8 |       0 |    1698 |   0.0 |       0 |      20 |   0.0 |   600
           D:9 |       0 |    3554 |   0.0 |       0 |      23 |   0.0 |  1311
          D:10 |       0 |    3723 |   0.0 |       0 |      21 |   0.0 |   371
               +---------+---------+-------+---------+---------+-------+---------
